Golden Knights vs Blackhawks

Created - March 30, 2024 at 21:36

Goals
1 2 3 T
Golden Knights 1 0 1 2
Blackhawks 0 0 7 7
Shots
1 2 3 T
Golden Knights 8 15 12 35
Blackhawks 8 8 22 38

1st period

1. Golden Knights , Ryan Nugent-Hopkins 23 (Andrew Cogliano 14) at 18:10 (PP)

Penalties :
Nikita Zaitsev (Chi) for Hooking (Minor) at 6:31, Jonathan Marchessault (Veg) for Hooking (Minor) at 9:20, Ryan Nugent-Hopkins (Veg) for Delaying the game (Minor) at 12:17, Jakob Silfverberg (Chi) for Close Hand On Puck (Minor) at 17:31, Zach Bogosian (Veg) for Holding (Minor) at 18:48

2nd period

No Goal

Penalties :
Jakob Chychrun (Chi) for Holding (Minor) at 1:14

3rd period

2. Blackhawks , William Karlsson 14 (Corey Perry 20, Jakob Silfverberg 31) at 2:53
3. Golden Knights , Alex Tuch 10 (Ryan Nugent-Hopkins 28, Andrew Cogliano 15) at 3:28
4. Blackhawks , Jakob Silfverberg 23 (Derek Stepan 21) at 3:55 (PP)
5. Blackhawks , Erik Haula 17 (Corey Perry 21, Sean Bergenheim 13) at 5:41 (PP)
6. Blackhawks , Jakob Silfverberg 24 (Jakob Chychrun 21) at 7:31
7. Blackhawks , Sean Bergenheim 7 (Corey Perry 22) at 8:37 (PP)
8. Blackhawks , Adrian Kempe 16 (Jakob Silfverberg 32, Calvin de Haan 14) at 9:30
9. Blackhawks , Brett Maclean 10 (Jakob Silfverberg 33) at 10:30

Penalties :
Zach Bogosian (Veg) for Checking from behind (Minor) at 3:51, Marcus Johansson (Veg) for Elbowing (Minor) at 5:03, Brendan Gallagher (Veg) for Delaying the game (Minor) at 8:23, William Karlsson (Chi) for Hooking (Minor) at 14:12, Calvin de Haan (Chi) for Goalie Interference (Minor) at 19:47

Goalie Stats

Cam Ward (Veg), 22 saves from 28 shots - (0.786), L, 27-17-0, 49:30 minutes
Laurent Brossoit (Veg), 9 saves from 10 shots - (0.900), 10:30 minutes
Ilya Samsonov (Chi), 33 saves from 35 shots - (0.943), W, 16-19-2, 60:00 minutes

Players Stats for Golden Knights

Player Name              G  A  P  +/- PIM S  H  SB GA TA FO     MP     PP MP  PK MP  
------------------------------------------------------------------------------------
Alex Tuch                1  0  1  -2  0   1  2  1  0  0  0/0    15:29   2:56   0:00 
Andrei Loktionov         0  0  0  -1  0   1  1  1  0  0  19/37  24:29   3:52   4:30 
Andrew Cogliano          0  2  2  -2  0   1  0  0  1  0  0/2    18:46   2:56   3:02 
Anton Lindholm           0  0  0   0  0   1  0  1  0  1  0/0    14:32   0:00   0:38 
Brady Skjei              0  0  0  -2  0   3  1  6  0  1  0/0    27:14   3:28   4:18 
Brendan Gallagher        0  0  0  -1  2   3  1  1  2  0  0/2    19:42   3:40   0:00 
Christopher Tanev        0  0  0  -1  0   1  1  1  0  0  0/0    20:13   3:20   3:34 
Frederick Gaudreau       0  0  0   0  0   0  0  0  0  0  0/4    11:17   0:00   0:00 
Jonathan Marchessault    0  0  0   0  2   2  1  0  0  0  1/4     6:57   0:00   0:44 
JT Compher               0  0  0   0  0   3  0  0  1  0  0/1     6:13   0:12   0:00 
Linus Omark              0  0  0   0  0   1  0  0  0  0  0/0     6:36   0:04   0:21 
Marcus Johansson         0  0  0  -1  2   2  1  1  1  0  1/2    23:34   3:48   3:44 
Olli Maatta              0  0  0  -1  0   1  4  0  0  1  0/0    19:14   3:20   2:35 
Philip Larsen            0  0  0   0  0   1  1  1  0  0  0/0    13:32   0:00   0:00 
Ryan Nugent-Hopkins      1  1  2  -2  2   5  2  1  0  0  9/13   17:18   2:56   1:25 
Tyler Bertuzzi           0  0  0   0  0   5  2  0  0  0  0/1    11:17   0:00   0:00 
Zach Bogosian            0  0  0  -2  4   3  3  2  0  0  0/0    25:21   3:28   2:41 
Zach Hyman               0  0  0   0  0   1  0  1  0  0  0/0    11:17   0:00   0:00 

Players Stats for Blackhawks

Player Name              G  A  P  +/- PIM S  H  SB GA TA FO     MP     PP MP  PK MP  
------------------------------------------------------------------------------------
Adrian Kempe             1  0  1   1  0   3  1  3  0  0  0/1    14:01   0:00   1:19 
Antoine Roussel          0  0  0   0  0   7  0  0  0  1  0/2    21:41   3:59   2:19 
Brett Maclean            1  0  1   1  0   1  0  0  0  0  0/0     8:54   0:00   0:15 
Calvin de Haan           0  1  1   1  2   1  0  3  0  0  0/0    19:59   2:19   2:37 
Corey Perry              0  3  3   1  0   1  1  0  0  0  0/0    12:25   2:54   0:00 
Derek Stepan             0  1  1   0  0   6  1  3  1  0  19/30  20:04   3:59   0:21 
Erik Haula               1  0  1   1  0   3  1  0  0  0  9/18   19:28   2:54   4:07 
Jakob Chychrun           0  1  1   2  2   0  1  1  0  0  0/0    14:52   2:19   0:59 
Jakob Silfverberg        2  3  5   1  2   3  2  0  1  0  0/2    16:25   3:59   0:00 
James Wright             0  0  0   1  0   0  0  0  0  0  0/0     8:39   0:00   0:00 
Mike Amadio              0  0  0   0  0   0  0  0  0  2  1/2    18:31   0:00   4:07 
Nick Bonino              0  0  0   1  0   2  1  0  0  0  4/6     8:39   0:00   0:00 
Nikita Zaitsev           0  0  0   2  2   1  1  0  0  0  0/0    16:53   0:00   3:05 
PK Subban                0  0  0   0  0   1  4  0  0  2  0/0    28:34   4:34   4:11 
Robert Hagg              0  0  0   1  0   1  0  0  1  0  0/0    17:36   0:00   2:37 
Sean Bergenheim          1  1  2   1  0   1  0  0  0  0  0/0    12:25   2:54   0:00 
Thomas Chabot            0  0  0   0  0   2  1  0  0  0  0/0    22:28   4:34   0:07 
William Karlsson         1  0  1   1  2   5  0  0  0  0  3/5    11:33   0:00   1:08 

3 Stars

1 - Jakob Silfverberg (Chi)
2 - Corey Perry (Chi)
3 - Sean Bergenheim (Chi)

Power Play

Golden Knights - 1 on 5 Attempt(s) - 20.00%
Blackhawks - 3 on 6 Attempt(s) - 50.00%

Penalty Kill

Golden Knights - 3 on 6 Attempt(s) - 50.00% - Score 0 goal in Penalty Kill
Blackhawks - 4 on 5 Attempt(s) - 80.00% - Score 0 goal in Penalty Kill

Team Stat

Golden Knights - Hits : 20 - Faceoff Wins : 30 - Blocked Shots : 17 - Penalty Minutes : 12
Blackhawks - Hits : 14 - Faceoff Wins : 36 - Blocked Shots : 10 - Penalty Minutes : 10

Official

Referees : Francois St. Laurent and Brad Meier
Linesman : Brian Mach and Jonny Murray

Game Notes

Laurent Brossoit enters game at 9:30 of 3rd period

Finance

Level 1 -- Attendance: 6000 (100.00%) -- Ticket Income $600,000
Level 2 -- Attendance: 5000 (100.00%) -- Ticket Income $300,000
Level 3 -- Attendance: 2000 (100.00%) -- Ticket Income $70,000
Level 4 -- Attendance: 3743 (93.58%) -- Ticket Income $93,575
Luxury Box -- Attendance: 1000 (100.00%) -- Ticket Income $200,000
Game was played at the United Center.
Total Attendance: 17743 (98.57%)
Total Ticket Income: $1,263,575
Other Income: $189,536
Total Income: $1,453,111

Golden Knights

5 vs 5 Forward 
   Center                   Left Wing                Right Wing               Time % Phy DF OF 
 1 Andrei Loktionov         Marcus Johansson         Brendan Gallagher        40     1   2  2  
 2 Ryan Nugent-Hopkins      Andrew Cogliano          Alex Tuch                30     0   2  3  
 3 Frederick Gaudreau       Tyler Bertuzzi           Zach Hyman               20     1   2  2  
 4 Jonathan Marchessault    Linus Omark              JT Compher               10     2   2  1  

5 vs 5 Defense 
   Defense                  Defense                                           Time % Phy DF OF 
 1 Brady Skjei              Zach Bogosian                                     40     1   2  2  
 2 Olli Maatta              Christopher Tanev                                 30     1   2  2  
 3 Anton Lindholm           Philip Larsen                                     20     1   2  2  
 4 Brady Skjei              Zach Bogosian                                     10     1   2  2  

PowerPlay Forward 
   Center                   Left Wing                Right Wing               Time % Phy DF OF 
 1 Andrei Loktionov         Marcus Johansson         Brendan Gallagher        60     1   1  3  
 2 Ryan Nugent-Hopkins      Andrew Cogliano          Alex Tuch                40     1   1  3  

PowerPlay Defense
   Defense                  Defense                                           Time % Phy DF OF 
 1 Brady Skjei              Zach Bogosian                                     60     1   2  2  
 2 Olli Maatta              Christopher Tanev                                 40     1   2  2  

Penalty Kill 4 Players Forward 
   Center                   Wing                     Time % Phy DF OF 
 1 Andrei Loktionov         Marcus Johansson         60     1   2  2  
 2 Ryan Nugent-Hopkins      Andrew Cogliano          40     1   3  1  

Penalty Kill 4 Players Defense
   Defense                  Defense                  Time % Phy DF OF 
 1 Brady Skjei              Zach Bogosian            60     1   2  2  
 2 Olli Maatta              Christopher Tanev        40     1   3  1  

Penalty Kill - 3 Players Forward 
   Forward                                           Time % Phy DF OF 
 1 Andrei Loktionov                                  60     1   3  1  
 2 Ryan Nugent-Hopkins                               40     0   4  1  

Penalty Kill - 3 Players Defense
   Defense                  Defense                  Time % Phy DF OF 
 1 Brady Skjei              Zach Bogosian            60     1   3  1  
 2 Olli Maatta              Christopher Tanev        40     1   3  1  

4 vs 4 Forward 
   Center                   Wing                     Time % Phy DF OF 
 1 Andrei Loktionov         Marcus Johansson         60     1   2  2  
 2 Ryan Nugent-Hopkins      Andrew Cogliano          40     1   2  2  

4 vs 4 Defense
   Defense                  Defense                  Time % Phy DF OF 
 1 Brady Skjei              Zach Bogosian            60     1   2  2  
 2 Olli Maatta              Christopher Tanev        40     1   2  2  

Last Minutes Offensive
   Center                   Left Wing                Right Wing               Defense                  Defense                  
   Andrei Loktionov         Marcus Johansson         Brendan Gallagher        Brady Skjei              Zach Bogosian            

Last Minutes Defensive
   Center                   Left Wing                Right Wing               Defense                  Defense                  
   Andrei Loktionov         Marcus Johansson         Brendan Gallagher        Brady Skjei              Zach Bogosian            

Goaltenders
Starting : Cam Ward                 
Backup : Laurent Brossoit         

Extra Forwards
Normal : Andrew Cogliano, Alex Tuch, Zach Hyman - PP : Andrew Cogliano, Alex Tuch - PK : Andrew Cogliano
Extra Defensemen
Normal : Christopher Tanev, Anton Lindholm, Philip Larsen - PP : Christopher Tanev - PK : Christopher Tanev, Anton Lindholm
Penalty Shots
Brendan Gallagher, Andrei Loktionov, Ryan Nugent-Hopkins, Marcus Johansson, Andrew Cogliano
Custom OT Lines Forwards
Brendan Gallagher, Andrei Loktionov, Ryan Nugent-Hopkins, Marcus Johansson, Andrew Cogliano, Alex Tuch, Zach Hyman, Tyler Bertuzzi, JT Compher, Linus Omark
Custom OT Lines Defensemen
Brady Skjei, Zach Bogosian, Olli Maatta, Christopher Tanev, Anton Lindholm

Scratches
Brandon Dubinsky (Healthy), Gabriel Bourque (Healthy), Jamie Oleksiak (Healthy)

Blackhawks

5 vs 5 Forward 
   Center                   Left Wing                Right Wing               Time % Phy DF OF 
 1 Derek Stepan             Antoine Roussel          Mike Amadio              40     1   2  2  
 2 Erik Haula               Adrian Kempe             Jakob Silfverberg        30     1   2  2  
 3 William Karlsson         Sean Bergenheim          Corey Perry              20     1   2  2  
 4 Nick Bonino              Brett Maclean            James Wright             10     1   2  2  

5 vs 5 Defense 
   Defense                  Defense                                           Time % Phy DF OF 
 1 PK Subban                Thomas Chabot                                     40     1   2  2  
 2 Calvin de Haan           Robert Hagg                                       30     1   2  2  
 3 Nikita Zaitsev           Jakob Chychrun                                    20     1   2  2  
 4 PK Subban                Nikita Zaitsev                                    10     1   2  2  

PowerPlay Forward 
   Center                   Left Wing                Right Wing               Time % Phy DF OF 
 1 Derek Stepan             Antoine Roussel          Jakob Silfverberg        60     1   2  2  
 2 Erik Haula               Sean Bergenheim          Corey Perry              40     1   2  2  

PowerPlay Defense
   Defense                  Defense                                           Time % Phy DF OF 
 1 PK Subban                Thomas Chabot                                     60     1   2  2  
 2 Calvin de Haan           Jakob Chychrun                                    40     1   2  2  

Penalty Kill 4 Players Forward 
   Center                   Wing                     Time % Phy DF OF 
 1 Erik Haula               Mike Amadio              60     1   2  2  
 2 William Karlsson         Antoine Roussel          40     1   2  2  

Penalty Kill 4 Players Defense
   Defense                  Defense                  Time % Phy DF OF 
 1 PK Subban                Nikita Zaitsev           60     1   2  2  
 2 Calvin de Haan           Robert Hagg              40     1   2  2  

Penalty Kill - 3 Players Forward 
   Forward                                           Time % Phy DF OF 
 1 Erik Haula                                        60     1   2  2  
 2 Mike Amadio                                       40     1   2  2  

Penalty Kill - 3 Players Defense
   Defense                  Defense                  Time % Phy DF OF 
 1 PK Subban                Nikita Zaitsev           60     1   2  2  
 2 Calvin de Haan           Robert Hagg              40     1   2  2  

4 vs 4 Forward 
   Center                   Wing                     Time % Phy DF OF 
 1 Jakob Silfverberg        Antoine Roussel          60     1   2  2  
 2 Derek Stepan             Erik Haula               40     1   2  2  

4 vs 4 Defense
   Defense                  Defense                  Time % Phy DF OF 
 1 PK Subban                Nikita Zaitsev           60     1   2  2  
 2 Calvin de Haan           Robert Hagg              40     1   2  2  

Last Minutes Offensive
   Center                   Left Wing                Right Wing               Defense                  Defense                  
   Derek Stepan             Antoine Roussel          Jakob Silfverberg        PK Subban                Nikita Zaitsev           

Last Minutes Defensive
   Center                   Left Wing                Right Wing               Defense                  Defense                  
   Derek Stepan             Antoine Roussel          Jakob Silfverberg        PK Subban                Nikita Zaitsev           

Goaltenders
Starting : Ilya Samsonov            
Backup : Joe Cannata              

Extra Forwards
Normal : James Wright, William Karlsson, Adrian Kempe - PP : James Wright, William Karlsson - PK : Adrian Kempe
Extra Defensemen
Normal : Thomas Chabot, Jakob Chychrun, Calvin de Haan - PP : Thomas Chabot - PK : Jakob Chychrun, Calvin de Haan
Penalty Shots
Jakob Silfverberg, Antoine Roussel, Derek Stepan, Erik Haula, Sean Bergenheim
Custom OT Lines Forwards
Jakob Silfverberg, Antoine Roussel, Derek Stepan, Erik Haula, Sean Bergenheim, Corey Perry, William Karlsson, Adrian Kempe, Mike Amadio, Nick Bonino
Custom OT Lines Defensemen
PK Subban, Nikita Zaitsev, Calvin de Haan, Robert Hagg, Thomas Chabot

Scratches
Radko Gudas (Healthy), Stefan Matteau (Healthy)

% Time on Ice - Golden Knights

Lines # - Real PCT - Wanted PCT - Time Play
Normal Forward
1 - 35% - 40% - 16:07
2 - 28% - 30% - 12:58
3 - 24% - 20% - 11:17
4 - 13% - 10% - 5:57
Normal Defense
1 - 39% - 40% - 18:01
2 - 29% - 30% - 13:19
3 - 29% - 20% - 13:32
4 - 3% - 10% - 1:27
PP Forward
1 - 57% - 60% - 3:52
2 - 43% - 40% - 2:56
PP Defense
1 - 51% - 60% - 3:28
2 - 49% - 40% - 3:20
PK Forward
1 - 73% - 60% - 5:02
2 - 27% - 40% - 1:51
PK Defense
1 - 69% - 60% - 4:44
2 - 31% - 40% - 2:09
PK3 Forward
1 - 0% - 60%
2 - 0% - 40%
PK3 Defense
1 - 0% - 60%
2 - 0% - 40%
44 Forward
1 - 0% - 60%
2 - 0% - 40%
44 Defense
1 - 0% - 60%
2 - 0% - 40%
Last Minute Offensive  - 0:00
Last Minute Defensive  - 0:00
Total
Forward - 60:00
Defense - 60:00

% Time on Ice - Blackhawks

Lines # - Real PCT - Wanted PCT - Time Play
Normal Forward
1 - 32% - 40% - 14:51
2 - 29% - 30% - 13:20
3 - 20% - 20% - 9:29
4 - 19% - 10% - 8:39
Normal Defense
1 - 40% - 40% - 18:20
2 - 33% - 30% - 15:04
3 - 25% - 20% - 11:26
4 - 3% - 10% - 1:29
PP Forward
1 - 58% - 60% - 3:59
2 - 42% - 40% - 2:54
PP Defense
1 - 66% - 60% - 4:34
2 - 34% - 40% - 2:19
PK Forward
1 - 70% - 60% - 4:47
2 - 30% - 40% - 2:01
PK Defense
1 - 66% - 60% - 4:30
2 - 34% - 40% - 2:18
PK3 Forward
1 - 0% - 60%
2 - 0% - 40%
PK3 Defense
1 - 0% - 60%
2 - 0% - 40%
44 Forward
1 - 0% - 60%
2 - 0% - 40%
44 Defense
1 - 0% - 60%
2 - 0% - 40%
Last Minute Offensive  - 0:00
Last Minute Defensive  - 0:00
Total
Forward - 60:00
Defense - 60:00

Play-by-Play

1st period


0:01 of 1st period - Andrei Loktionov wins face-off versus Derek Stepan in neutral zone.
0:08 of 1st period - Wrist shot by Andrei Loktionov.
0:08 of 1st period - Stopped by Ilya Samsonov with a rebound.
0:10 of 1st period - Snap shot by Zach Bogosian.
0:10 of 1st period - Stopped by Ilya Samsonov with a rebound.
0:12 of 1st period - Wrist shot by Brendan Gallagher.
0:12 of 1st period - Stopped by Ilya Samsonov without a rebound.
0:13 of 1st period - Ryan Nugent-Hopkins wins face-off versus Erik Haula in Blackhawks zone.
1:01 of 1st period - Snap shot by Brendan Gallagher.
1:01 of 1st period - Shot Misses the Net.
1:03 of 1st period - Slapshot by Marcus Johansson.
1:03 of 1st period - Shot Blocked by Derek Stepan.
1:05 of 1st period - Slapshot by Olli Maatta.
1:05 of 1st period - Stopped by Ilya Samsonov without a rebound.
1:06 of 1st period - Nick Bonino wins face-off versus Andrei Loktionov in Blackhawks zone.
1:38 of 1st period - Wrist shot by Antoine Roussel.
1:38 of 1st period - Shot Misses the Net.
2:48 of 1st period - Wrist shot by Brendan Gallagher.
2:48 of 1st period - Deflect By Marcus Johansson.
2:48 of 1st period - Stopped by Ilya Samsonov without a rebound.
2:49 of 1st period - Andrei Loktionov wins face-off versus Derek Stepan in Blackhawks zone.
2:56 of 1st period - Olli Maatta is hit by Derek Stepan.
3:02 of 1st period - Wrist shot by Antoine Roussel.
3:02 of 1st period - Shot Misses the Net.
3:22 of 1st period - Snap shot by Ryan Nugent-Hopkins.
3:22 of 1st period - Stopped by Ilya Samsonov without a rebound.
3:23 of 1st period - Ryan Nugent-Hopkins wins face-off versus Erik Haula in Blackhawks zone.
3:26 of 1st period - Snap shot by Ryan Nugent-Hopkins.
3:26 of 1st period - Shot Misses the Net.
3:29 of 1st period - Icing by Jakob Chychrun.
3:30 of 1st period - Andrei Loktionov wins face-off versus Erik Haula in Blackhawks zone.
4:13 of 1st period - Snap shot by Marcus Johansson.
4:13 of 1st period - Shot Misses the Net.
4:37 of 1st period - Snap shot by Jakob Silfverberg.
4:37 of 1st period - Shot Blocked by Brendan Gallagher.
4:39 of 1st period - Slapshot by Nikita Zaitsev.
4:39 of 1st period - Deflect By Erik Haula.
4:39 of 1st period - Stopped by Cam Ward with a rebound.
4:49 of 1st period - Wrist shot by Jakob Silfverberg.
4:49 of 1st period - Deflect By Adrian Kempe.
4:49 of 1st period - Stopped by Cam Ward without a rebound.
4:50 of 1st period - Derek Stepan wins face-off versus Ryan Nugent-Hopkins in Golden Knights zone.
4:51 of 1st period - Slapshot by Mike Amadio.
4:51 of 1st period - Shot Blocked by Philip Larsen.
4:53 of 1st period - Snap shot by Antoine Roussel.
4:53 of 1st period - Stopped by Cam Ward without a rebound.
4:54 of 1st period - Ryan Nugent-Hopkins wins face-off versus Derek Stepan in Golden Knights zone.
4:54 of 1st period - Ryan Nugent-Hopkins is hit by Thomas Chabot.
6:07 of 1st period - Slapshot by Tyler Bertuzzi.
6:07 of 1st period - Stopped by Ilya Samsonov without a rebound.
6:08 of 1st period - Ryan Nugent-Hopkins wins face-off versus Derek Stepan in Blackhawks zone.
6:31 of 1st period - Minor Penalty to Nikita Zaitsev for Hooking.
6:32 of 1st period - Erik Haula wins face-off versus Andrei Loktionov in Blackhawks zone.
6:51 of 1st period - Brady Skjei is hit by PK Subban.
8:31 of 1st period - Penalty to Nikita Zaitsev is over, Nikita Zaitsev is back on ice.
8:33 of 1st period - Backhand shot by Derek Stepan.
8:33 of 1st period - Stopped by Cam Ward with a rebound.
9:01 of 1st period - Wrist shot by Nick Bonino.
9:01 of 1st period - Stopped by Cam Ward without a rebound.
9:02 of 1st period - Jonathan Marchessault wins face-off versus Nick Bonino in Golden Knights zone.
9:02 of 1st period - Jonathan Marchessault is hit by Jakob Chychrun.
9:07 of 1st period - Off-side.
9:08 of 1st period - Derek Stepan wins face-off versus Jonathan Marchessault in neutral zone.
9:20 of 1st period - Minor Penalty to Jonathan Marchessault for Hooking.
9:21 of 1st period - Andrei Loktionov wins face-off versus Derek Stepan in Golden Knights zone.
9:31 of 1st period - Slapshot by Jakob Silfverberg.
9:31 of 1st period - Stopped by Cam Ward with a rebound.
9:33 of 1st period - Slapshot by PK Subban.
9:33 of 1st period - Shot Misses the Net.
9:35 of 1st period - Snap shot by Derek Stepan.
9:35 of 1st period - Shot Blocked by Andrei Loktionov.
9:37 of 1st period - Wrist shot by PK Subban.
9:37 of 1st period - Shot Misses the Net.
11:20 of 1st period - Penalty to Jonathan Marchessault is over, Jonathan Marchessault is back on ice.
11:22 of 1st period - Off-side.
11:23 of 1st period - Nick Bonino wins face-off versus Frederick Gaudreau in neutral zone.
11:28 of 1st period - Slapshot by Calvin de Haan.
11:28 of 1st period - Shot Blocked by Zach Hyman.
11:31 of 1st period - Icing by Philip Larsen.
11:32 of 1st period - William Karlsson wins face-off versus Frederick Gaudreau in Golden Knights zone.
11:44 of 1st period - Off-side.
11:45 of 1st period - Andrei Loktionov wins face-off versus Derek Stepan in neutral zone.
12:03 of 1st period - Off-side.
12:04 of 1st period - Erik Haula wins face-off versus Ryan Nugent-Hopkins in neutral zone.
12:17 of 1st period - Minor Penalty to Ryan Nugent-Hopkins for Delaying the game.
12:18 of 1st period - Derek Stepan wins face-off versus Andrei Loktionov in Golden Knights zone.
12:30 of 1st period - Wrist shot by Derek Stepan.
12:30 of 1st period - Stopped by Cam Ward without a rebound.
12:31 of 1st period - Derek Stepan wins face-off versus Andrei Loktionov in Golden Knights zone.
12:34 of 1st period - Wrist shot by Derek Stepan.
12:34 of 1st period - Deflect By Jakob Silfverberg.
12:34 of 1st period - Shot Misses the Net.
12:34 of 1st period - Puck is out of play.
12:35 of 1st period - Andrei Loktionov wins face-off versus Jakob Silfverberg in Golden Knights zone.
12:42 of 1st period - Snap shot by Andrei Loktionov.
12:42 of 1st period - Shot Misses the Net.
14:17 of 1st period - Penalty to Ryan Nugent-Hopkins is over, Ryan Nugent-Hopkins is back on ice.
15:13 of 1st period - Mike Amadio is hit by Tyler Bertuzzi and loses puck.
16:10 of 1st period - Anton Lindholm is hit by Jakob Silfverberg and loses puck.
16:42 of 1st period - Icing by Sean Bergenheim.
16:43 of 1st period - William Karlsson wins face-off versus Frederick Gaudreau in Blackhawks zone.
17:06 of 1st period - Slapshot by Derek Stepan.
17:06 of 1st period - Shot Misses the Net.
17:08 of 1st period - Snap shot by PK Subban.
17:08 of 1st period - Shot Misses the Net.
17:10 of 1st period - Backhand shot by Antoine Roussel.
17:10 of 1st period - Stopped by Cam Ward without a rebound.
17:11 of 1st period - Derek Stepan wins face-off versus Andrei Loktionov in Golden Knights zone.
17:26 of 1st period - Slapshot by Zach Bogosian.
17:26 of 1st period - Deflect By Andrei Loktionov.
17:26 of 1st period - Deflect By Thomas Chabot.
17:26 of 1st period - Shot Misses the Net.
17:26 of 1st period - Puck is out of play.
17:27 of 1st period - Ryan Nugent-Hopkins wins face-off versus Erik Haula in Blackhawks zone.
17:31 of 1st period - Minor Penalty to Jakob Silfverberg for Close Hand On Puck.
17:32 of 1st period - Erik Haula wins face-off versus Andrei Loktionov in Blackhawks zone.
17:42 of 1st period - Andrei Loktionov is hit by Erik Haula and loses puck.
17:49 of 1st period - Slapshot by Brady Skjei.
17:49 of 1st period - Shot Misses the Net.
17:59 of 1st period - Mike Amadio is hit by Brady Skjei and loses puck.
18:10 of 1st period - Slapshot by Andrew Cogliano.
18:10 of 1st period - Deflect By Ryan Nugent-Hopkins.
18:10 of 1st period - Goal by Ryan Nugent-Hopkins - Golden Knights : 1 - Blackhawks : 0.
18:11 of 1st period - Andrei Loktionov wins face-off versus Antoine Roussel in neutral zone.
18:48 of 1st period - Minor Penalty to Zach Bogosian for Holding.
18:49 of 1st period - Derek Stepan wins face-off versus Andrei Loktionov in Golden Knights zone.
Goals for this period are 1 for Golden Knights vs 0 for Blackhawks.
Shots for this period are 8 for Golden Knights vs 8 for Blackhawks.

2nd period


0:01 of 2nd period - Andrei Loktionov wins face-off versus Antoine Roussel in neutral zone.
0:08 of 2nd period - Snap shot by Andrei Loktionov.
0:08 of 2nd period - Shot Misses the Net.
0:30 of 2nd period - Slapshot by Thomas Chabot.
0:30 of 2nd period - Stopped by Cam Ward with a rebound.
0:48 of 2nd period - Penalty to Zach Bogosian is over, Zach Bogosian is back on ice.
1:07 of 2nd period - Snap shot by Tyler Bertuzzi.
1:07 of 2nd period - Stopped by Ilya Samsonov with a rebound.
1:09 of 2nd period - Wrist shot by Anton Lindholm.
1:09 of 2nd period - Deflect By Zach Hyman.
1:09 of 2nd period - Shot Blocked by Calvin de Haan.
1:09 of 2nd period - Puck is out of play.
1:10 of 2nd period - Andrei Loktionov wins face-off versus Derek Stepan in Blackhawks zone.
1:14 of 2nd period - Minor Penalty to Jakob Chychrun for Holding.
1:15 of 2nd period - Mike Amadio wins face-off versus Marcus Johansson in Blackhawks zone.
1:49 of 2nd period - Slapshot by Brady Skjei.
1:49 of 2nd period - Stopped by Ilya Samsonov with a rebound.
1:51 of 2nd period - Snap shot by Ryan Nugent-Hopkins.
1:51 of 2nd period - Stopped by Ilya Samsonov without a rebound.
1:52 of 2nd period - Erik Haula wins face-off versus Ryan Nugent-Hopkins in Blackhawks zone.
1:52 of 2nd period - Erik Haula is hit by Ryan Nugent-Hopkins.
2:32 of 2nd period - Slapshot by Brendan Gallagher.
2:32 of 2nd period - Shot Blocked by Calvin de Haan.
2:34 of 2nd period - Slapshot by Brady Skjei.
2:34 of 2nd period - Stopped by Ilya Samsonov with a rebound.
3:14 of 2nd period - Penalty to Jakob Chychrun is over, Jakob Chychrun is back on ice.
3:25 of 2nd period - Wrist shot by Tyler Bertuzzi.
3:25 of 2nd period - Shot Misses the Net.
3:27 of 2nd period - Snap shot by Tyler Bertuzzi.
3:27 of 2nd period - Shot Misses the Net.
3:52 of 2nd period - Snap shot by William Karlsson.
3:52 of 2nd period - Stopped by Cam Ward without a rebound.
3:53 of 2nd period - William Karlsson wins face-off versus JT Compher in Golden Knights zone.
3:54 of 2nd period - Snap shot by Sean Bergenheim.
3:54 of 2nd period - Shot Blocked by Zach Bogosian.
4:25 of 2nd period - Wrist shot by Brendan Gallagher.
4:25 of 2nd period - Stopped by Ilya Samsonov with a rebound.
4:27 of 2nd period - Slapshot by Anton Lindholm.
4:27 of 2nd period - Stopped by Ilya Samsonov without a rebound.
4:28 of 2nd period - Ryan Nugent-Hopkins wins face-off versus Erik Haula in Blackhawks zone.
4:39 of 2nd period - Slapshot by Andrew Cogliano.
4:39 of 2nd period - Shot Misses the Net.
5:02 of 2nd period - Slapshot by Thomas Chabot.
5:02 of 2nd period - Shot Blocked by Brady Skjei.
5:04 of 2nd period - Wrist shot by William Karlsson.
5:04 of 2nd period - Stopped by Cam Ward without a rebound.
5:05 of 2nd period - Derek Stepan wins face-off versus Andrei Loktionov in Golden Knights zone.
5:50 of 2nd period - Robert Hagg is hit by Christopher Tanev and loses puck.
6:09 of 2nd period - Wrist shot by Corey Perry.
6:09 of 2nd period - Shot Misses the Net.
6:23 of 2nd period - Nick Bonino is hit by Alex Tuch and loses puck.
8:00 of 2nd period - Corey Perry is hit by Andrei Loktionov and loses puck.
8:41 of 2nd period - Backhand shot by PK Subban.
8:41 of 2nd period - Shot Blocked by Anton Lindholm.
9:01 of 2nd period - Slapshot by Thomas Chabot.
9:01 of 2nd period - Stopped by Cam Ward without a rebound.
9:02 of 2nd period - Andrei Loktionov wins face-off versus Nick Bonino in Golden Knights zone.
9:15 of 2nd period - Slapshot by Brendan Gallagher.
9:15 of 2nd period - Shot Blocked by Jakob Chychrun.
9:41 of 2nd period - Snap shot by Zach Bogosian.
9:41 of 2nd period - Stopped by Ilya Samsonov with a rebound.
10:03 of 2nd period - Slapshot by Brady Skjei.
10:03 of 2nd period - Shot Blocked by Derek Stepan.
10:28 of 2nd period - Slapshot by Brady Skjei.
10:28 of 2nd period - Shot Misses the Net.
11:01 of 2nd period - Slapshot by Tyler Bertuzzi.
11:01 of 2nd period - Shot Misses the Net.
11:11 of 2nd period - Snap shot by JT Compher.
11:11 of 2nd period - Stopped by Ilya Samsonov with a rebound.
11:13 of 2nd period - Slapshot by Jonathan Marchessault.
11:13 of 2nd period - Stopped by Ilya Samsonov without a rebound.
11:14 of 2nd period - Erik Haula wins face-off versus Jonathan Marchessault in Blackhawks zone.
11:14 of 2nd period - Erik Haula is hit by Philip Larsen.
11:51 of 2nd period - Olli Maatta is hit by Nikita Zaitsev and loses puck.
11:58 of 2nd period - Jakob Chychrun is hit by Olli Maatta and loses puck.
12:21 of 2nd period - Snap shot by Sean Bergenheim.
12:21 of 2nd period - Shot Misses the Net.
12:24 of 2nd period - Icing by Anton Lindholm.
12:25 of 2nd period - Derek Stepan wins face-off versus Jonathan Marchessault in Golden Knights zone.
12:26 of 2nd period - Wrist shot by Antoine Roussel.
12:26 of 2nd period - Stopped by Cam Ward with a rebound.
12:44 of 2nd period - Slapshot by JT Compher.
12:44 of 2nd period - Stopped by Ilya Samsonov without a rebound.
12:45 of 2nd period - Andrei Loktionov wins face-off versus Erik Haula in Blackhawks zone.
12:46 of 2nd period - Wrist shot by Brendan Gallagher.
12:46 of 2nd period - Shot Misses the Net.
12:52 of 2nd period - Slapshot by PK Subban.
12:52 of 2nd period - Stopped by Cam Ward with a rebound.
12:54 of 2nd period - Wrist shot by Adrian Kempe.
12:54 of 2nd period - Shot Blocked by Zach Bogosian.
12:56 of 2nd period - Slapshot by Jakob Silfverberg.
12:56 of 2nd period - Shot Blocked by Brady Skjei.
12:58 of 2nd period - Slapshot by PK Subban.
12:58 of 2nd period - Shot Blocked by Brady Skjei.
13:00 of 2nd period - Slapshot by PK Subban.
13:00 of 2nd period - Shot Blocked by Brady Skjei.
13:02 of 2nd period - Snap shot by Erik Haula.
13:02 of 2nd period - Shot Misses the Net.
13:37 of 2nd period - Sean Bergenheim is hit by Olli Maatta and loses puck.
13:56 of 2nd period - Wrist shot by Marcus Johansson.
13:56 of 2nd period - Stopped by Ilya Samsonov without a rebound.
13:57 of 2nd period - Nick Bonino wins face-off versus Andrei Loktionov in Blackhawks zone.
14:48 of 2nd period - Off-side.
14:49 of 2nd period - Erik Haula wins face-off versus Tyler Bertuzzi in neutral zone.
15:00 of 2nd period - Slapshot by Zach Hyman.
15:00 of 2nd period - Stopped by Ilya Samsonov with a rebound.
15:02 of 2nd period - Slapshot by Frederick Gaudreau.
15:02 of 2nd period - Deflect By Tyler Bertuzzi.
15:02 of 2nd period - Stopped by Ilya Samsonov without a rebound.
15:03 of 2nd period - Derek Stepan wins face-off versus Andrei Loktionov in Blackhawks zone.
15:12 of 2nd period - Snap shot by Derek Stepan.
15:12 of 2nd period - Stopped by Cam Ward without a rebound.
15:13 of 2nd period - Derek Stepan wins face-off versus Andrei Loktionov in Golden Knights zone.
15:28 of 2nd period - Snap shot by Antoine Roussel.
15:28 of 2nd period - Stopped by Cam Ward without a rebound.
15:29 of 2nd period - Ryan Nugent-Hopkins wins face-off versus Erik Haula in Golden Knights zone.
15:29 of 2nd period - Ryan Nugent-Hopkins is hit by Adrian Kempe.
15:37 of 2nd period - Snap shot by Ryan Nugent-Hopkins.
15:37 of 2nd period - Shot Misses the Net.
15:39 of 2nd period - Snap shot by Ryan Nugent-Hopkins.
15:39 of 2nd period - Stopped by Ilya Samsonov with a rebound.
17:42 of 2nd period - Wrist shot by Antoine Roussel.
17:42 of 2nd period - Shot Misses the Net.
17:44 of 2nd period - Slapshot by Nikita Zaitsev.
17:44 of 2nd period - Shot Misses the Net.
18:02 of 2nd period - Anton Lindholm is hit by PK Subban.
19:20 of 2nd period - Snap shot by Andrew Cogliano.
19:20 of 2nd period - Shot Misses the Net.
19:56 of 2nd period - Wrist shot by Andrew Cogliano.
19:56 of 2nd period - Stopped by Ilya Samsonov with a rebound.
19:58 of 2nd period - Slapshot by Philip Larsen.
19:58 of 2nd period - Shot Misses the Net.
Goals for this period are 0 for Golden Knights vs 0 for Blackhawks.
Shots for this period are 15 for Golden Knights vs 8 for Blackhawks.

3rd period


0:01 of 3rd period - Derek Stepan wins face-off versus Andrei Loktionov in neutral zone.
0:35 of 3rd period - Snap shot by Ryan Nugent-Hopkins.
0:35 of 3rd period - Stopped by Ilya Samsonov with a rebound.
1:17 of 3rd period - Thomas Chabot is hit by Zach Bogosian and loses puck.
2:00 of 3rd period - Slapshot by Andrew Cogliano.
2:00 of 3rd period - Shot Blocked by Adrian Kempe.
2:02 of 3rd period - Slapshot by Philip Larsen.
2:02 of 3rd period - Stopped by Ilya Samsonov without a rebound.
2:03 of 3rd period - Derek Stepan wins face-off versus Frederick Gaudreau in Blackhawks zone.
2:30 of 3rd period - Robert Hagg is hit by Zach Bogosian and loses puck.
2:49 of 3rd period - Snap shot by William Karlsson.
2:49 of 3rd period - Shot Misses the Net.
2:51 of 3rd period - Slapshot by Corey Perry.
2:51 of 3rd period - Shot Misses the Net.
2:53 of 3rd period - Slapshot by William Karlsson.
2:53 of 3rd period - Goal by William Karlsson - Golden Knights : 1 - Blackhawks : 1.
2:54 of 3rd period - Derek Stepan wins face-off versus Brendan Gallagher in neutral zone.
3:21 of 3rd period - Adrian Kempe is hit by Ryan Nugent-Hopkins and loses puck.
3:26 of 3rd period - Snap shot by Ryan Nugent-Hopkins.
3:26 of 3rd period - Shot Blocked by Adrian Kempe.
3:28 of 3rd period - Snap shot by Alex Tuch.
3:28 of 3rd period - Goal by Alex Tuch - Golden Knights : 2 - Blackhawks : 1.
3:29 of 3rd period - Andrei Loktionov wins face-off versus Derek Stepan in neutral zone.
3:32 of 3rd period - Slapshot by Zach Bogosian.
3:32 of 3rd period - Shot Misses the Net.
3:34 of 3rd period - Slapshot by Brady Skjei.
3:34 of 3rd period - Stopped by Ilya Samsonov with a rebound.
3:36 of 3rd period - Wrist shot by Andrei Loktionov.
3:36 of 3rd period - Shot Misses the Net.
3:51 of 3rd period - Minor Penalty to Zach Bogosian for Checking from behind.
3:52 of 3rd period - Derek Stepan wins face-off versus Andrei Loktionov in Golden Knights zone.
3:55 of 3rd period - Slapshot by Jakob Silfverberg.
3:55 of 3rd period - Goal by Jakob Silfverberg - Golden Knights : 2 - Blackhawks : 2.
3:56 of 3rd period - Derek Stepan wins face-off versus Andrei Loktionov in neutral zone.
4:11 of 3rd period - Snap shot by Olli Maatta.
4:11 of 3rd period - Shot Blocked by Derek Stepan.
4:13 of 3rd period - Slapshot by Christopher Tanev.
4:13 of 3rd period - Deflect By Brendan Gallagher.
4:13 of 3rd period - Shot Misses the Net.
4:13 of 3rd period - Puck is out of play.
4:14 of 3rd period - Ryan Nugent-Hopkins wins face-off versus Erik Haula in Blackhawks zone.
5:03 of 3rd period - Minor Penalty to Marcus Johansson for Elbowing.
5:04 of 3rd period - Andrei Loktionov wins face-off versus Derek Stepan in Golden Knights zone.
5:37 of 3rd period - Slapshot by Erik Haula.
5:37 of 3rd period - Shot Misses the Net.
5:39 of 3rd period - Wrist shot by Corey Perry.
5:39 of 3rd period - Stopped by Cam Ward with a rebound.
5:41 of 3rd period - Wrist shot by Erik Haula.
5:41 of 3rd period - Goal by Erik Haula - Golden Knights : 2 - Blackhawks : 3.
5:42 of 3rd period - Andrei Loktionov wins face-off versus Derek Stepan in neutral zone.
6:31 of 3rd period - Robert Hagg is hit by Jonathan Marchessault and loses puck.
6:48 of 3rd period - Zach Bogosian is hit by Nick Bonino and loses puck.
6:53 of 3rd period - Snap shot by Nick Bonino.
6:53 of 3rd period - Stopped by Cam Ward with a rebound.
6:55 of 3rd period - Slapshot by Nikita Zaitsev.
6:55 of 3rd period - Stopped by Cam Ward with a rebound.
6:57 of 3rd period - Snap shot by Brett Maclean.
6:57 of 3rd period - Shot Misses the Net.
7:31 of 3rd period - Wrist shot by Jakob Silfverberg.
7:31 of 3rd period - Goal by Jakob Silfverberg - Golden Knights : 2 - Blackhawks : 4.
7:32 of 3rd period - Derek Stepan wins face-off versus Andrei Loktionov in neutral zone.
8:12 of 3rd period - Snap shot by Antoine Roussel.
8:12 of 3rd period - Stopped by Cam Ward with a rebound.
8:14 of 3rd period - Wrist shot by Derek Stepan.
8:14 of 3rd period - Shot Misses the Net.
8:16 of 3rd period - Snap shot by Mike Amadio.
8:16 of 3rd period - Shot Misses the Net.
8:18 of 3rd period - Slapshot by Robert Hagg.
8:18 of 3rd period - Shot Blocked by Christopher Tanev.
8:20 of 3rd period - Snap shot by Derek Stepan.
8:20 of 3rd period - Stopped by Cam Ward without a rebound.
8:21 of 3rd period - Andrei Loktionov wins face-off versus Adrian Kempe in Golden Knights zone.
8:23 of 3rd period - Minor Penalty to Brendan Gallagher for Delaying the game.
8:24 of 3rd period - Andrei Loktionov wins face-off versus Erik Haula in Golden Knights zone.
8:32 of 3rd period - Zach Bogosian is hit by Corey Perry and loses puck.
8:37 of 3rd period - Wrist shot by Sean Bergenheim.
8:37 of 3rd period - Goal by Sean Bergenheim - Golden Knights : 2 - Blackhawks : 5.
8:38 of 3rd period - Derek Stepan wins face-off versus Andrei Loktionov in neutral zone.
8:41 of 3rd period - Christopher Tanev is hit by PK Subban and loses puck.
9:05 of 3rd period - Andrew Cogliano is hit by PK Subban and loses puck.
9:12 of 3rd period - Snap shot by Jakob Silfverberg.
9:12 of 3rd period - Deflect By Adrian Kempe.
9:12 of 3rd period - Stopped by Cam Ward without a rebound.
9:13 of 3rd period - Ryan Nugent-Hopkins wins face-off versus Jakob Silfverberg in Golden Knights zone.
9:26 of 3rd period - Backhand shot by Calvin de Haan.
9:26 of 3rd period - Shot Blocked by Brady Skjei.
9:28 of 3rd period - Snap shot by Jakob Silfverberg.
9:28 of 3rd period - Shot Misses the Net.
9:30 of 3rd period - Snap shot by Adrian Kempe.
9:30 of 3rd period - Deflect By Zach Bogosian.
9:30 of 3rd period - Goal by Adrian Kempe - Golden Knights : 2 - Blackhawks : 6.
9:30 of 3rd period - Laurent Brossoit enters game.
9:31 of 3rd period - Marcus Johansson wins face-off versus Derek Stepan in neutral zone.
9:36 of 3rd period - Snap shot by Zach Bogosian.
9:36 of 3rd period - Stopped by Ilya Samsonov without a rebound.
9:37 of 3rd period - Andrei Loktionov wins face-off versus Mike Amadio in Blackhawks zone.
9:38 of 3rd period - Backhand shot by Brendan Gallagher.
9:38 of 3rd period - Shot Misses the Net.
10:30 of 3rd period - Backhand shot by Brett Maclean.
10:30 of 3rd period - Goal by Brett Maclean - Golden Knights : 2 - Blackhawks : 7.
10:31 of 3rd period - Derek Stepan wins face-off versus Andrew Cogliano in neutral zone.
11:00 of 3rd period - Adrian Kempe is hit by Olli Maatta and loses puck.
11:36 of 3rd period - Snap shot by Tyler Bertuzzi.
11:36 of 3rd period - Stopped by Ilya Samsonov with a rebound.
11:38 of 3rd period - Slapshot by Christopher Tanev.
11:38 of 3rd period - Stopped by Ilya Samsonov with a rebound.
11:40 of 3rd period - Slapshot by Tyler Bertuzzi.
11:40 of 3rd period - Stopped by Ilya Samsonov with a rebound.
11:42 of 3rd period - Snap shot by Olli Maatta.
11:42 of 3rd period - Shot Blocked by Adrian Kempe.
11:44 of 3rd period - Slapshot by Christopher Tanev.
11:44 of 3rd period - Deflect By Zach Hyman.
11:44 of 3rd period - Shot Misses the Net.
11:44 of 3rd period - Puck is out of play.
11:45 of 3rd period - Derek Stepan wins face-off versus Andrei Loktionov in Blackhawks zone.
12:35 of 3rd period - Wrist shot by JT Compher.
12:35 of 3rd period - Stopped by Ilya Samsonov with a rebound.
12:39 of 3rd period - Slapshot by Jonathan Marchessault.
12:39 of 3rd period - Stopped by Ilya Samsonov with a rebound.
12:57 of 3rd period - Antoine Roussel is hit by Marcus Johansson and loses puck.
13:08 of 3rd period - Derek Stepan is hit by Alex Tuch and loses puck.
13:30 of 3rd period - PK Subban is hit by Tyler Bertuzzi and loses puck.
13:53 of 3rd period - Snap shot by Linus Omark.
13:53 of 3rd period - Stopped by Ilya Samsonov without a rebound.
13:54 of 3rd period - Andrei Loktionov wins face-off versus William Karlsson in Blackhawks zone.
13:59 of 3rd period - Snap shot by Brendan Gallagher.
13:59 of 3rd period - Stopped by Ilya Samsonov without a rebound.
14:00 of 3rd period - Andrei Loktionov wins face-off versus William Karlsson in Blackhawks zone.
14:01 of 3rd period - Wrist shot by Brendan Gallagher.
14:01 of 3rd period - Shot Misses the Net.
14:03 of 3rd period - Slapshot by Brendan Gallagher.
14:03 of 3rd period - Shot Blocked by Calvin de Haan.
14:12 of 3rd period - Minor Penalty to William Karlsson for Hooking.
14:13 of 3rd period - Erik Haula wins face-off versus Brendan Gallagher in Blackhawks zone.
14:13 of 3rd period - Erik Haula is hit by Zach Bogosian.
16:11 of 3rd period - Derek Stepan is hit by Olli Maatta and loses puck.
16:12 of 3rd period - Penalty to William Karlsson is over, William Karlsson is back on ice.
16:26 of 3rd period - Snap shot by William Karlsson.
16:26 of 3rd period - Shot Misses the Net.
16:28 of 3rd period - Wrist shot by Derek Stepan.
16:28 of 3rd period - Stopped by Laurent Brossoit with a rebound.
16:30 of 3rd period - Slapshot by Robert Hagg.
16:30 of 3rd period - Stopped by Laurent Brossoit with a rebound.
16:32 of 3rd period - Snap shot by Derek Stepan.
16:32 of 3rd period - Shot Misses the Net.
16:34 of 3rd period - Slapshot by William Karlsson.
16:34 of 3rd period - Shot Misses the Net.
16:36 of 3rd period - Wrist shot by Antoine Roussel.
16:36 of 3rd period - Deflect By Tyler Bertuzzi.
16:36 of 3rd period - Stopped by Laurent Brossoit with a rebound.
16:38 of 3rd period - Slapshot by William Karlsson.
16:38 of 3rd period - Stopped by Laurent Brossoit with a rebound.
16:52 of 3rd period - Backhand shot by Antoine Roussel.
16:52 of 3rd period - Shot Misses the Net.
16:54 of 3rd period - Snap shot by Derek Stepan.
16:54 of 3rd period - Stopped by Laurent Brossoit with a rebound.
17:04 of 3rd period - Slapshot by Derek Stepan.
17:04 of 3rd period - Deflect By Antoine Roussel.
17:04 of 3rd period - Stopped by Laurent Brossoit with a rebound.
17:06 of 3rd period - Wrist shot by William Karlsson.
17:06 of 3rd period - Stopped by Laurent Brossoit with a rebound.
17:08 of 3rd period - Slapshot by Calvin de Haan.
17:08 of 3rd period - Stopped by Laurent Brossoit without a rebound.
17:09 of 3rd period - Erik Haula wins face-off versus Andrew Cogliano in Golden Knights zone.
17:12 of 3rd period - Snap shot by Adrian Kempe.
17:12 of 3rd period - Shot Blocked by Brady Skjei.
17:14 of 3rd period - Slapshot by Erik Haula.
17:14 of 3rd period - Shot Blocked by Ryan Nugent-Hopkins.
17:20 of 3rd period - Slapshot by Erik Haula.
17:20 of 3rd period - Stopped by Laurent Brossoit with a rebound.
17:34 of 3rd period - PK Subban is hit by Brendan Gallagher.
18:13 of 3rd period - Slapshot by Nikita Zaitsev.
18:13 of 3rd period - Shot Blocked by Alex Tuch.
18:38 of 3rd period - Icing by Tyler Bertuzzi.
18:39 of 3rd period - Nick Bonino wins face-off versus Ryan Nugent-Hopkins in Golden Knights zone.
19:06 of 3rd period - Brady Skjei is hit by Jakob Silfverberg and loses puck.
19:13 of 3rd period - Slapshot by Adrian Kempe.
19:13 of 3rd period - Shot Blocked by Marcus Johansson.
19:47 of 3rd period - Minor Penalty to Calvin de Haan for Goalie Interference.
19:48 of 3rd period - Erik Haula wins face-off versus Andrei Loktionov in Blackhawks zone.
Goals for this period are 1 for Golden Knights vs 7 for Blackhawks.
Shots for this period are 12 for Golden Knights vs 22 for Blackhawks.